 Dungeon Crawl Stone Soup version 0.28.0-45-g0d030f2227 (webtiles) character file.

Game seed: 15609346587057209199

1420 Peloso the Carver (level 8, -3/69 HPs)
             Began as a Minotaur Fighter on Apr 5, 2022.
             Was a Follower of Okawaru.
             Slain by Joseph
             ... wielding a +0 quarterstaff
              (23 damage)
             ... on level 7 of the Dungeon.
             The game lasted 00:07:47 (5339 turns).

Peloso the Carver (Minotaur Fighter)                Turns: 5339, Time: 00:07:48

Health: -3/69      AC: 20    Str: 20    XL:     8   Next: 43%
Magic:  5/7        EV: 13    Int:  5    God:    Okawaru [*.....]
Gold:   276        SH:  6    Dex: 13    Spells: 7/7 levels left

rFire   . . .      SeeInvis .   a - +0 long sword
rCold   . . .      Faith    .   c - +0 buckler
rNeg    . . .      Spirit   .   b - +0 scale mail
rPois   .          Reflect  .   (helmet restricted)
rElec   .          Harm     .   g - +0 cloak
rCorr   .          Rampage  .   o - +0 pair of gloves
Will    .....                   (no boots)
Stlth   ++........              (no amulet)
HPRegen 0.21/turn               h - +4 ring of protection
MPRegen 0.10/turn               j - +4 ring of protection

@: heroic
A: horns 2, retaliatory headbutt
a: Renounce Religion, Heroism


You were on level 7 of the Dungeon.
You worshipped Okawaru.
Okawaru was aware of your devotion.
You visited 2 branches of the dungeon, and saw 8 of its levels.

You collected 304 gold pieces.
You spent 28 gold pieces at shops.

Inventory:

Hand Weapons
 a - a +0 long sword (weapon)
Armour
 b - a +0 scale mail (worn)
 c - a +0 buckler (worn)
 g - a +0 cloak (worn)
 o - a +0 pair of gloves (worn)
Jewellery
 h - a +4 ring of protection (left hand)
 j - a +4 ring of protection (right hand)
 s - a +4 ring of slaying
Scrolls
 e - 3 scrolls of identify
 l - 2 scrolls of fog
 n - a scroll of teleportation
 p - a scroll of noise
 q - a scroll of enchant weapon {unknown}
 r - a scroll of blinking {unknown}
 u - a scroll of enchant armour {unknown}
 v - a scroll of immolation {unknown}
Potions
 d - 2 potions of might
 f - 2 potions of flight
 i - a potion of cancellation
 k - a potion of haste
 m - 2 potions of curing
 t - a potion of berserk rage {unknown}
 w - a potion of degeneration {unknown}
 x - 2 potions of heal wounds {unknown}


   Skills:
 + Level 5.6(10.6) Fighting
 + Level 8.7(13.7) Long Blades
 + Level 6.9(11.9) Armour
 + Level 2.9(7.9) Dodging
 + Level 0.7(5.7) Stealth
 + Level 5.5(10.5) Shields


You had 7 spell levels left.
You didn't know any spells.
Your spell library contained the following spells:

 Spells                   Type           Power      Damage    Failure   Level
 Magic Dart               Conj           0%         1d3       82%         1
 Searing Ray              Conj           0%         2d4       91%         2
 Fulminant Prism          Conj/Hex       0%         3d6       100%        4


Dungeon Overview and Level Annotations

Branches:
Dungeon (7/15)             Temple (1/1) D:5

Altars:
Ashenzari
Cheibriados
Elyvilon
Fedhas
Gozag
Hepliaklqana
Kikubaaqudgha
Makhleb
Nemelex Xobeh
Okawaru
Qazlal
Ru
Sif Muna
Trog
Uskayaw
Vehumet
Wu Jian
Xom
Yredelemnul
Zin
The Shining One

Shops:
D:2 ?   D:3 (

Annotations:
D:7 Joseph


Innate Abilities, Weirdness & Mutations

You have a pair of horns on your head.
You reflexively headbutt those who attack you in melee.


Message History

Joseph shoots a sling bullet.
The sling bullet hits you! The hornet zombie hits you!
Unknown command.
You gain the combat prowess of a mighty hero.
Joseph drinks a potion.
Joseph seems to grow stronger.
You block the hornet zombie's attack.
You hit the hornet zombie. You headbutt the hornet zombie!
The hornet zombie is almost destroyed.
The hornet zombie hits you but does no damage.
Joseph shoots a sling bullet.
The sling bullet hits you!
Unknown command.
You hit the hornet zombie.
The hornet zombie is almost destroyed.
The hornet zombie completely misses you.
Joseph shoots a sling bullet.
The sling bullet hits you but does no damage.
Unknown command.
You closely miss the hornet zombie. You headbutt the hornet zombie.
You destroy the hornet zombie!
Okawaru accepts your kill.
Joseph shoots a sling bullet.
The sling bullet hits you!
* * * LOW HITPOINT WARNING * * *
Unknown command.
Found a ring mail and a dagger.
Joseph unwields a +0 hunting sling.
Joseph wields a +0 quarterstaff.
Joseph barely misses you.
You closely miss Joseph. Your headbutt misses Joseph.
Unknown command.
You closely miss Joseph. You block Joseph's attack.
Unknown command.
You slash Joseph! You headbutt Joseph, but do no damage.
Joseph is lightly wounded.
Joseph hits you but does no damage.
Unknown command.
You slash Joseph! You headbutt Joseph!
Joseph is heavily wounded.
Unknown command.
You slash Joseph!
Joseph is heavily wounded.
Joseph hits you with a +0 quarterstaff!!
You die...

≈≈≈≈ #####
.... ....###
##)..
.......
...[.
....:.. ....
....... ..#
.......
#.#.......
##@@......
##.#.......
##)##.......
#<.# .##.###
#.#.........
#.####.#.#
## #< .# #.
.# #.


You could see Joseph (strong).

Vanquished Creatures
  2 sky beasts (D:6)
  A hornet zombie (D:7)
  A black bear (D:4)
  2 ogres
  2 centaurs
  A scorpion (D:6)
  A bullfrog (D:5)
  A water moccasin zombie (D:5)
  A howler monkey (D:6)
  2 hounds
  A jelly (D:5)
  An orc priest (D:3)
  A gnoll shaman (Temple)
  3 iguanas
  A centaur skeleton (D:6)
  An orc wizard (D:3)
  A hound skeleton (D:4)
  Robin (D:2)
  A howler monkey zombie (D:5)
  6 gnolls (D:5)
  5 adders
  A white imp (D:6)
  An ufetubus (D:4)
  3 worms
  2 dart slugs
  6 orcs (D:3)
  4 bats
  4 endoplasms
  2 giant cockroaches
  8 hobgoblins
  7 kobolds
  2 quokkas
  7 ball pythons
  4 frilled lizards
  10 goblins
  3 rats
100 creatures vanquished.

Notes
Turn   | Place    | Note
-------+----------+-------------------------------------------
     0 | D:1      | Peloso the Minotaur Fighter began the quest for the Orb.
     0 | D:1      | Reached XP level 1. HP: 19/19 MP: 0/0
   555 | D:1      | Reached XP level 2. HP: 27/27 MP: 1/1
   963 | D:2      | Found a broken altar of Ashenzari.
  1129 | D:2      | Noticed Robin
  1180 | D:2      | Killed Robin
  1181 | D:2      | Reached XP level 3. HP: 30/33 MP: 2/2
  1363 | D:2      | Found a faded altar of an unknown god.
  1418 | D:2      | Found Lathi's Magic Scroll Boutique.
  1427 | D:2      | Bought a scroll of identify for 28 gold pieces
  1573 | D:2      | Reached skill level 3 in Long Blades
  1890 | D:3      | Reached XP level 4. HP: 33/40 MP: 3/3
  2217 | D:3      | Reached skill level 4 in Long Blades
  2535 | D:3      | Reached XP level 5. HP: 46/46 MP: 4/4
  2631 | D:3      | Found Jetodaol's Weapon Emporium.
  2844 | D:4      | Noticed an ogre
  2852 | D:4      | Killed an ogre
  2853 | D:4      | Reached skill level 5 in Armour
  2853 | D:4      | Reached skill level 1 in Dodging
  2993 | D:4      | Noticed a black bear
  2999 | D:4      | Killed a black bear
  3000 | D:4      | Reached skill level 5 in Long Blades
  3000 | D:4      | Reached XP level 6. HP: 43/53 MP: 5/5
  3133 | D:4      | Found a shimmering blue altar of Sif Muna.
  3133 | D:4      | Found an ancient bone altar of Kikubaaqudgha.
  3300 | D:4      | Found a glowing golden altar of the Shining One.
  3386 | D:5      | Entered Level 5 of the Dungeon
  3506 | D:5      | Reached skill level 5 in Fighting
  3555 | D:5      | Reached XP level 7. HP: 60/61 MP: 6/6
  3647 | D:5      | Found an iron altar of Okawaru.
  3696 | D:5      | Reached skill level 6 in Long Blades
  3719 | D:5      | Found a staircase to the Ecumenical Temple.
  3733 | Temple   | Entered the Ecumenical Temple
  4042 | D:5      | Found a broken altar of Ashenzari.
  4094 | D:5      | Became a worshipper of Warmaster Okawaru
  4259 | D:5      | Reached skill level 7 in Long Blades
  4643 | D:6      | Reached skill level 8 in Long Blades
  4746 | D:6      | Reached XP level 8. HP: 68/68 MP: 7/7
  4822 | D:6      | Reached skill level 5 in Shields
  5322 | D:7      | Reached * piety under Okawaru
  5326 | D:7      | Noticed Joseph
  5339 | D:7      | Slain by Joseph

Illustrated notes

Levels and vault maps discovered:
D:1:      lightli_arrival_statuegarden, layout_basic, minmay_pentomino_x2
D:2:      layout_rooms, hellmonk_ecumenical_altar_crossroads, basic_altar,
          serial_shops, nicolae_diamond_shop, kennysheep_boxes, uniq_robin
D:3:      layout_loops_corners, serial_shops, shop, grunt_ministairs_15
D:4:      layout_basic, gammafunk_temple_overflow_elements, tso_oasis_becter,
          chequers_jeans
D:5:      layout_basic, mainiacjoe_overflow_catwalk_spiral,
          minmay_temple_entry_butterflies
D:6:      layout_gridville
D:7:      nicolae_whirlpool, layout_loops_ring, enter_bailey_3, uniq_duvessa,
          uniq_harold, uniq_joseph
Temple:   eino_temple_rhombus

Skill      XL: |  1  2  3  4  5  6  7  8 |
---------------+-------------------------+-----
Shields        | 4 5 |  5.5
Armour         | 4 5 6 |  6.9
Long Blades    | 3 4 5 8 |  8.7
Fighting       | 4 5 |  5.6
Dodging        | 1 2 |  2.9
Stealth        | |  0.7

Action                   |  1- 3 |  4- 6 |  7- 9 || total
-------------------------+-------+-------+-------++-------
Melee: Long sword        |   114 |    81 |   115 ||   310
       Headbutt          |    20 |    16 |    19 ||    55
Invok: Heroism           |       |       |     1 ||     1
  Use: Scroll            |     6 |       |       ||     6
Armor: Scale mail        |    76 |    46 |    72 ||   194
Dodge: Dodged            |    60 |    32 |    47 ||   139
Block: Buckler           |    21 |    18 |    29 ||    68
